 Dungeon Crawl Stone Soup version 0.30-a0-134-gb40fab5c76 (webtiles) character file.

Game seed: 9672944477128689066

310630 greasedhog the Metallomancer (level 21, -10/134 HPs)
             Began as a Gargoyle Conjurer on Sept 19, 2022.
             Was the Champion of Vehumet.
             Mangled by a war gargoyle
             ... wielding a +4 vorpal flail
             ... led by a peacekeeper
              (18 damage)
             ... on level 4 of the Vaults on Sept 20, 2022.
             The game lasted 01:50:33 (55686 turns).

greasedhog the Metallomancer (Gargoyle Conjurer)   Turns: 55686, Time: 01:50:34

Health: -10/134    AC: 29    Str:  6    XL:     21   Next: 26%
Magic:  5/49       EV: 13    Int: 34    God:    Vehumet [******]
Gold:   3652       SH:  8    Dex:  8    Spells: 12/50 levels left

rFire   + + +      SeeInvis .    h - staff of conjuration
rCold   + + +      Faith    .    U - +2 buckler {reflect}
rNeg    + + .      Spirit   .    H - +3 leather armour {rC+ rF+}
rPois   ∞          Reflect  +    t - +0 hat of Resourcefulness {Regen+ rCorr}
rElec   +          Harm     .    u - +0 cloak {Stlth+}
rCorr   +          Rampage  .    F - +0 pair of gloves "Muhuorid" {rN+}
Will    +....                    X - +2 pair of boots {Stlth+}
Stlth   +++.......               (no amulet)
HPRegen 1.12/turn                W - ring of Jocw {rC+ MP+9 Int+4}
MPRegen 0.31/turn                T - ring "Fifiarippy" {rF++ rC++ Str-5 Slay+4}

@: liquefying, flying, studying Fighting, slowed movement, very slow
A: sickness immunity, AC +16, big wings, negative energy resistance 1,
electricity resistance, torment resistance 1, petrification resistance
}: 2/15 runes: decaying, serpentine
a: Renounce Religion


You were on level 4 of the Vaults.
You worshipped Vehumet.
Vehumet was exalted by your worship.
You visited 7 branches of the dungeon, and saw 35 of its levels.
You also visited: Gauntlet and Ice Cave.

You collected 5897 gold pieces.
You spent 2245 gold pieces at shops.

Inventory:

Missiles
 J - 2 throwing nets
Armour
 t - the +0 hat of Resourcefulness (worn) {Regen+ rCorr}
   (You acquired it on level 4 of the Dungeon)

   Regen:     It increases your rate of health regeneration.
   rCorr:     It protects you from acid and corrosion.
 u - a +0 cloak of stealth (worn)
 F - the +0 pair of gloves "Muhuorid" (worn) {rN+}
   (You found it on level 8 of the Dungeon)

   rN:        It protects you from negative energy.
 H - a +3 leather armour of resistance (worn)
 U - a +2 buckler of reflection (worn)
 X - a +2 pair of boots of stealth (worn)
Magical Staves
 h - a staff of conjuration (weapon)
Jewellery
 p - a ring of willpower
 L - an amulet of faith
 O - the ring "Mach" {rF+ Str+2}
   (You found it on level 1 of the Lair of Beasts)

   [ring of protection from fire]

   Str:       It affects your strength (+2).
   rF:        It protects you from fire.
 R - an amulet of guardian spirit
 T - the ring "Fifiarippy" (right hand) {rF++ rC++ Str-5 Slay+4}
   (You took it off a minotaur in a Gauntlet)

   [ring of slaying]

   Str:       It affects your strength (-5).
   Slay:      It affects your accuracy & damage with ranged weapons and melee
   (+4).
   rF:        It greatly protects you from fire.
   rC:        It greatly protects you from cold.
 V - the ring of Amelioration {rC+ rN+ Str+2 Dex+2}
   (You found it on level 3 of the Vaults)

   [ring of positive energy]

   Str:       It affects your strength (+2).
   Dex:       It affects your dexterity (+2).
   rC:        It protects you from cold.
   rN:        It protects you from negative energy.
 W - the ring of Jocw (left hand) {rC+ MP+9 Int+4}
   (You found it in a Gauntlet)

   [ring of magical power]

   Int:       It affects your intelligence (+4).
   rC:        It protects you from cold.
   MP:        It affects your magic capacity (+9).
Wands
 e - a wand of flame (21)
 n - a wand of roots (12)
 q - a wand of polymorph (5)
 x - a wand of paralysis (16)
 E - a wand of acid (21)
Scrolls
 d - 3 scrolls of torment
 j - 13 scrolls of teleportation
 k - 4 scrolls of enchant weapon
 l - 4 scrolls of vulnerability
 o - 3 scrolls of magic mapping
 s - 4 scrolls of poison
 w - 4 scrolls of identify
 B - 5 scrolls of fear
 C - 7 scrolls of immolation
 G - a scroll of summoning
 K - a scroll of brand weapon
 M - 5 scrolls of blinking
 Q - 4 scrolls of silence
 S - 3 scrolls of fog
Potions
 b - a potion of magic
 c - 2 potions of heal wounds
 f - 6 potions of haste
 g - a potion of cancellation
 i - 5 potions of mutation
 m - 23 potions of curing
 r - 2 potions of resistance
 v - 6 potions of berserk rage
 z - 9 potions of lignification
 A - 3 potions of invisibility
 D - 3 potions of brilliance
 I - 7 potions of might
 N - a potion of attraction
 P - 3 potions of ambrosia {unknown}
Miscellaneous
 a - a lightning rod (4/4)
 y - a condenser vane


   Skills:
 - Level 15.0 Fighting
 - Level 12.0 Staves
 - Level 10.4 Armour
 - Level 10.0 Dodging
 - Level 2.1 Stealth
 - Level 10.0 Shields
 - Level 15.0 Spellcasting
 - Level 15.0 Conjurations
 * Level 3.3 Hexes
 - Level 6.5 Translocations
 - Level 5.0 Air Magic
 * Level 21.5 Earth Magic
 * Level 8.3 Evocations


You had 12 spell levels left.
You knew the following spells:

 Your Spells              Type           Power      Damage    Failure   Level
a - Magic Dart            Conj           100%       1d8       0%          1
b - Swiftness             Air            56%        N/A       1%          3
c - Blink                 Tloc           100%       N/A       1%          2
d - Iskenderun's Mystic   Conj/Tloc      99%        2d19      1%          4
e - Fulminant Prism       Conj/Hex       46%        3d21      1%          4
f - Iron Shot             Conj/Erth      61%        9d11      1%          6
g - Lee's Rapid Deconstr  Erth           53%        3d26*     0%          5
h - Leda's Liquefaction   Hex/Erth       41%        N/A       1%          4
i - Shatter               Erth           53%        3d40*     11%         9

Your spell library contained the following spells:

 Spells                   Type           Power      Damage    Failure   Level
 Chain Lightning          Conj/Air       48%        3d64      100%        9
 Polar Vortex             Ice            12%        N/A       100%        9
 Sandblast                Erth           100%       2d20      0%          1
 Searing Ray              Conj           100%       2d8       0%          2
 Stone Arrow              Conj/Erth      100%       3d13      0%          3
 Apportation              Tloc           100%       N/A       1%          1
 Shock                    Conj/Air       100%       1d9       1%          1
 Passwall                 Tmut/Erth      65%        N/A       1%          2
 Poisonous Vapours        Pois/Air       84%        N/A       1%          2
 Dazzling Flash           Conj/Hex       100%       N/A       1%          3
 Gell's Gravitas          Tloc           63%        N/A       1%          3
 Mephitic Cloud           Conj/Pois/Air  82%        N/A       1%          3
 Portal Projectile        Hex/Tloc       100%       N/A       1%          3
 Teleport Other           Tloc           63%        N/A       1%          3
 Airstrike                Air            28%        2d(4-20)  1%          4
 Animate Armour           Summ/Erth      100%       N/A       1%          4
 Manifold Assault         Tloc           63%        N/A       1%          4
 Petrify                  Tmut/Erth      78%        N/A       1%          4
 Arcjolt                  Conj/Air       48%        1d58      1%          5
 Freezing Cloud           Conj/Ice/Air   41%        6-21      1%          5
 Irradiate                Conj/Tmut      43%        3d26      1%          5
 Iskenderun's Battlesphe  Conj           100%       2d15      1%          5
 Ensorcelled Hibernation  Hex/Ice        72%        N/A       2%          2
 Ignite Poison            Fire/Tmut/Pois 25%        N/A       2%          3
 Tukima's Dance           Hex            48%        N/A       2%          3
 Lehudib's Crystal Spear  Conj/Erth      61%        10d14     2%          8
 Call Imp                 Summ           25%        N/A       4%          2
 Summon Guardian Golem    Hex/Summ       36%        N/A       4%          3
 Olgreb's Toxic Radiance  Pois           25%        N/A       7%          4
 Call Canine Familiar     Summ           25%        N/A       9%          3
 Spider Form              Tmut/Pois      25%        N/A       9%          3
 Anguish                  Hex/Necr       18%        N/A       14%         4
 Spellforged Servitor     Conj/Summ      43%        N/A       26%         7
 Dispersal                Tloc           31%        N/A       28%         6
 Alistair's Intoxication  Tmut/Pois      16%        N/A       58%         5
 Blade Hands              Tmut           12%        N/A       58%         5
 Ozocubu's Refrigeration  Ice            12%        4d10      99%         7
 Storm Form               Tmut/Air       21%        N/A       100%        7
 Ignition                 Fire           12%        3d6       100%        8
 Cigotuvi's Dreadful Rot  Necr/Pois/Air  Unusable   N/A       N/A         2
 Sublimation of Blood     Necr           Unusable   N/A       N/A         2

Dungeon Overview and Level Annotations

Branches:
Dungeon (15/15)            Temple (1/1) D:6            Lair (5/5) D:10
  Swamp (4/4) Lair:3        Snake (4/4) Lair:2        Slime (0/5) Lair:5
    Orc (2/2) D:12            Elf (0/3) Orc:2        Vaults (4/5) D:14
  Crypt (0/3) Vaults:2     Depths (0/4) D:15          IceCv (visited)
Gauntlet (visited)

Altars:
Ashenzari
Cheibriados
Dithmenos
Elyvilon
Fedhas
Gozag
Hepliaklqana
Kikubaaqudgha
Makhleb
Nemelex Xobeh
Okawaru
Qazlal
Ru
Sif Muna
Trog
Uskayaw
Vehumet
Wu Jian
Xom
Yredelemnul
Zin
The Shining One
Lugonu

Shops:
D:4 !=*!!   D:12 *   D:15 (   Orc:2 =(:*   Snake:2 [(

Portals:
Abyss: Lair:5


Innate Abilities, Weirdness & Mutations

You are immune to sickness and miasma.
Your stone body is resilient. (AC +16)
You are immune to poison.
Your large and strong wings let you fly.
You resist negative energy. (rN+)
You are resistant to electric shocks. (rElec)
You are resistant to unholy torment.
You are immune to petrification.


Message History

The dire elephant is heavily wounded.
The blast of metal fragments hits the ironbound convoker!!!
The ironbound convoker is almost dead.
The war gargoyle hits you with a +4 vorpal flail!!
Unknown command.
Unknown command.
Aiming: Corrosive Bolt
Press: ? - help, Shift-Dir - straight line, f - vault sentinel
Aim: a vault sentinel, wielding a +0 falchion and wearing a +0 ring mail (catching its breath, covering ground slowly, 67% to hit)
The bolt of acid hits the war gargoyle!
The acid corrodes the war gargoyle!
The war gargoyle is heavily damaged.
The bolt of acid hits the dire elephant!!
The dire elephant is severely wounded.
The bolt of acid hits the vault sentinel!!
The vault sentinel is moderately wounded.
The war gargoyle closely misses you.
Unknown command.
Unknown command.
Aiming: Corrosive Bolt
Press: ? - help, Shift-Dir - straight line, f - ironbound convoker, p - vault sentinel
Aim: an ironbound convoker, wielding a +0 flail and wearing a +0 ring mail (almost dead, covering ground slowly, 77% to hit)
The bolt of acid hits the war gargoyle!!
The war gargoyle seems to be corroded for longer.
The war gargoyle is almost destroyed.
The bolt of acid hits the ironbound convoker!!
The acid corrodes the ironbound convoker!
You kill the ironbound convoker!
Vehumet accepts your kill.
You feel your power returning.
The war gargoyle launches metal splinters at you.
The spray of metal splinters hits you but does no damage.
You completely miss the war gargoyle.
The war gargoyle is almost destroyed.
The war gargoyle hits you with a +4 vorpal flail!!
* * * LOW HITPOINT WARNING * * *
x2 You feel much better.
The war gargoyle hits you with a +4 vorpal flail!!
* * * LOW HITPOINT WARNING * * *
x2 The war gargoyle hits you with a +4 vorpal flail!!
You die...

.. ... ..?.... ...
#.#####.!.)...
....#.....#.))....
..........#.).....
#.†...#.......
#....O'.......
#....p#.......
##..#Y9####..#.
##.#...#@#.# ##
#..#.#.#.#.#
...###..#.#.#.##+#
....'....#.#.#[[..#
...(#####'.#.'#####...#
.. #.....)'......#...#
####)###''#####...#
#......+......#...#
##+#'#.#.#'##+#...#


You could see a dire elephant (struggling), an ironbound thunderhulk, a war
gargoyle (strong, corroded) and a vault sentinel (struggling).

Vanquished Creatures
  Bai Suzhen (Snake:3)
  Saint Roka (Snake:3)
  Nikola (Swamp:2)
  The ghost of Getoffmy the Slayer, a veteran GrFi of Wu Jian (Vaults:3)
  Rupert (D:13)
  A quicksilver dragon (Snake:3)
  A deep elf master archer (Vaults:3)
  A deep elf blademaster (Vaults:3)
  2 sphinxes
  A tengu reaver (Vaults:2)
  Kirke (D:13)
  Agnes (Snake:4)
  Donald (Swamp:3)
  A thorn hunter (Swamp:4)
  2 nagarajas (Snake:4)
  A fire giant (Vaults:3)
  16 vault wardens
  2 orc warlords
  3 reapers (IceCv)
  A war gargoyle (Vaults:1)
  16 ironbound preservers
  5 ironbound thunderhulks
  Nessos (Lair:4)
  A deep elf demonologist (Vaults:1)
  The ghost of erer12 the Cruncher, a journeyman MiFi of Hepliaklqana (Swamp:1)
  11 dire elephants
  4 minotaurs
  3 entropy weavers
  4 bunyips
  An ettin (D:15)
  A fire dragon (Swamp:4)
  A merfolk impaler (Vaults:3)
  10 yaktaur captains
  A deep elf death mage (Vaults:3)
  4 great orbs of eyes
  A shambling mangrove (Swamp:4)
  9 vault guards
  18 hydras
  3 caustic shrike simulacra (IceCv)
  2 peacekeepers
  A salamander tyrant (Snake:4)
  3 ghost crabs
  7 ironbound frosthearts
  13 alligators
  10 anacondas
  A dancing weapon (Swamp:1)
  3 death knights
  7 boulder beetles
  18 centaur warriors
  7 two-headed ogres
  3 catoblepae
  Erica (Lair:2)
  6 death yaks
  5 tengu warriors
  8 naga warriors
  2 thrashing horrors (Lair:5)
  20 naga sharpshooters
  3 orc high priests (Orc:2)
  9 shock serpents
  A titan skeleton (Vaults:4)
  A shadow wraith (Vaults:2)
  26 deep trolls
  A skeletal warrior (D:13)
  4 goliath frogs
  4 spriggan druids
  A death drake (Swamp:4)
  10 swamp dragons
  A phantasmal warrior (D:13)
  6 naga ritualists
  6 wizards
  4 bog bodies
  2 large abominations (Lair:5)
  A deep elf pyromancer (D:14)
  Lodul (D:13)
  18 ironbound convokers
  10 orc knights
  2 obsidian statues (IceCv)
  A tengu zombie (Vaults:4)
  2 necromancers
  15 harpies
  7 mana vipers
  Pikel (D:9)
  12 lindwurms
  27 ugly things
  6 orc sorcerers
  3 oklob plants (Lair:5)
  4 cyclopes
  3 manticores (D:14)
  4 will-o-the-wisps
  13 salamanders
  2 moths of wrath
  10 elephants
  6 guardian serpents
  30 black mambas
  A fire giant skeleton (Vaults:4)
  12 vault sentinels
  An ice statue (D:8)
  2 molten gargoyles (D:13)
  17 naga magi
  9 cane toads
  2 gargoyles (D:11)
  A torpor snail (Swamp:4)
  A yaktaur (shapeshifter) (Lair:5)
  An unseen horror (shapeshifter) (D:14)
  7 komodo dragons
  A rime drake (Lair:4)
  10 freezing wraiths
  6 golden dragon simulacra (IceCv)
  A tengu conjurer (D:15)
  25 yaktaurs
  6 ice devils (D:8)
  2 ancient zymes (Lair:5)
  2 efreet
  A tarantella (Vaults:4)
  3 meliai (D:14)
  5 trolls
  2 polar bears (Lair:4)
  10 hornets
  13 slime creatures
  5 bloated husks
  Grinder (D:3)
  49 blink frogs
  11 tyrant leeches
  A shadow (D:10)
  3 wraiths
  7 spriggans
  2 ynoxinuls (Lair:5)
  44 yaks
  2 vampires (D:12)
  A dire elephant simulacrum (IceCv)
  7 basilisks
  A human (D:13)
  6 wyverns
  2 steam dragons
  A fire elemental (Gauntlet)
  A minotaur simulacrum (IceCv)
  A chaos spawn (Lair:5)
  4 redbacks
  44 nagas
  16 swamp worms
  3 wargs (Orc:1)
  3 acid dragons
  10 water moccasins
  A water moccasin (shapeshifter) (Lair:5)
  A hydra simulacrum (IceCv)
  An ice beast (shapeshifter) (Lair:5)
  A sky beast (D:7)
  12 small abominations (Lair:5)
  A hell hound (Gauntlet)
  An ice beast (D:8)
  24 orc warriors
  An ettin simulacrum (IceCv)
  10 swamp drakes (Swamp:4)
  16 wolves (Lair:1)
  10 ogres
  6 centaurs
  A lemure (D:9)
  A phantom (D:5)
  2 kobold brigands
  10 bullfrogs
  A necrophage (D:6)
  A scorpion (D:5)
  2 human skeletons (Vaults:4)
  A deep troll simulacrum (IceCv)
  5 killer bees
  An electric eel (Lair:1)
  7 howler monkeys
  5 lava snakes (D:13)
  4 jellies
  A hound (D:7)
  11 orc priests
  A gnoll bouda (Orc:1)
  Crazy Yiuf (D:3)
  3 iguanas (D:5)
  Jessica (D:3)
  Natasha (thrice) (D:2)
  27 orc wizards
  9 gnolls
  3 adders
  A shadow imp (D:5)
  2 white imps
  7 ufetubi
  4 worms
  2 dart slugs
  66 orcs
  7 endoplasms
  6 giant cockroaches
  10 goblins
  9 hobgoblins
  6 jackals (D:1)
  5 quokkas
  7 ball pythons
  6 bats
  2 frilled lizards
  18 kobolds
  7 rats
1226 creatures vanquished.

Vanquished Creatures (collateral kills)
  2 shock serpents (Snake:4)
  A naga ritualist (Snake:4)
  A guardian serpent (Snake:4)
  2 nagas (Snake:4)
6 creatures vanquished.

Vanquished Creatures (others)
  A spriggan (Swamp:3)
  A hornet (Swamp:3)
  An orc warrior (Snake:4)
  4 foxfires
  42 fulminant prisms
  37 fungi
  163 plants
249 creatures vanquished.

Grand Total: 1481 creatures vanquished

Notes
Turn   | Place    | Note
-------+----------+-------------------------------------------
     0 | D:1      | greasedhog the Gargoyle Conjurer began the quest for the
                  | Orb.
     0 | D:1      | Reached XP level 1. HP: 10/10 MP: 3/3
   157 | D:1      | Reached XP level 2. HP: 13/15 MP: 0/5
   241 | D:1      | Found a faded altar of an unknown god.
  1076 | D:2      | Learned a level 2 spell: Searing Ray
  1185 | D:2      | Reached skill level 5 in Conjurations
  1185 | D:2      | Reached XP level 3. HP: 12/19 MP: 0/7
  1275 | D:2      | Learned a level 3 spell: Dazzling Flash
  1572 | D:2      | Identified the +2 scale mail of the Orcish Mines {Str+2
                  | Slay+5}
  1956 | D:2      | Noticed Natasha
  1963 | D:2      | Killed Natasha
  1964 | D:2      | Reached skill level 1 in Fighting
  1964 | D:2      | Reached XP level 4. HP: 25/25 MP: 1/8
  1971 | D:2      | Noticed Natasha
  1980 | D:2      | Killed Natasha
  2061 | D:2      | Noticed Natasha
  2064 | D:2      | Killed Natasha
  2065 | D:2      | Reached XP level 5. HP: 30/30 MP: 4/10
  2672 | D:3      | Noticed Jessica
  2674 | D:3      | Killed Jessica
  2932 | D:3      | Found a runed translucent door.
  2933 | D:3      | Noticed Crazy Yiuf
  2985 | D:3      | Noticed Grinder
  3000 | D:3      | Paralysed by Grinder for 4 turns
  3020 | D:3      | Paralysed by Grinder for 3 turns
  3026 | D:3      | Paralysed by Grinder for 2 turns
  3028 | D:3      | Killed Grinder
  3029 | D:3      | Reached XP level 6. HP: 17/37 MP: 1/12
  3533 | D:3      | Killed Crazy Yiuf
  3534 | D:3      | Reached XP level 7. HP: 41/41 MP: 13/13
  3607 | D:4      | Learned a level 4 spell: Iskenderun's Mystic Blast
  3612 | D:4      | Learned a level 4 spell: Fulminant Prism
  4069 | D:4      | Found Goebyen's Distillery.
  4092 | D:4      | Bought a potion of heal wounds for 50 gold pieces
  4092 | D:4      | Bought 2 potions of heal wounds for 100 gold pieces
  4222 | D:4      | Found Helidoiv's Distillery.
  4224 | D:4      | Found Defeta Enoex's Jewellery Shoppe.
  4224 | D:4      | Found Unnajenk's Distillery.
  4226 | D:4      | Found Fuzat's Assorted Antiques.
  4344 | D:4      | Bought a scroll of identify for 44 gold pieces
  4496 | D:4      | Identified 2 scrolls of acquirement
  4524 | D:4      | Acquired the +0 hat of Resourcefulness {Regen+ rCorr}
  4533 | D:4      | Acquired a staff of conjuration
  4747 | D:4      | Found a shadowy altar of Dithmenos.
  4776 | D:5      | Entered Level 5 of the Dungeon
  5001 | D:5      | Reached skill level 5 in Spellcasting
  5070 | D:5      | Found a snail-covered altar of Cheibriados.
  5283 | D:5      | Reached XP level 8. HP: 48/48 MP: 15/15
  5289 | D:5      | Reached skill level 5 in Fighting
  5296 | D:5      | Reached skill level 1 in Staves
  5416 | D:5      | Found a white marble altar of Elyvilon.
  5746 | D:6      | Noticed a yak
  5748 | D:6      | Noticed a yak
  5750 | D:6      | Noticed a yak
  6033 | D:6      | Found a staircase to the Ecumenical Temple.
  6051 | Temple   | Entered the Ecumenical Temple
  6373 | D:6      | Noticed a yak
  6373 | D:6      | Noticed a yak
  6392 | D:6      | Killed a yak
  6392 | D:6      | Killed a yak
  6402 | D:6      | Killed a yak
  6403 | D:6      | Reached XP level 9. HP: 50/56 MP: 7/16
  6914 | D:7      | Reached skill level 1 in Hexes
  7045 | D:7      | Noticed a two-headed ogre
  7054 | D:7      | Killed a two-headed ogre
  7055 | D:7      | Reached skill level 5 in Staves
  7069 | D:7      | Noticed a hornet
  7214 | D:8      | Noticed a troll
  7470 | D:8      | Reached skill level 1 in Translocations
  7476 | D:8      | Reached XP level 10. HP: 49/63 MP: 14/17
  7555 | D:8      | Noticed a two-headed ogre
  7566 | D:8      | Killed a two-headed ogre
  7567 | D:8      | Reached skill level 10 in Conjurations
  7932 | D:8      | Noticed an ice statue
  8288 | D:8      | Found a bloodstained altar of Trog.
  8620 | D:8      | Identified the +0 pair of gloves "Muhuorid" {rN+}
  9897 | D:8      | Killed an ice statue
 10077 | D:7      | Reached skill level 5 in Translocations
 10077 | D:7      | Reached XP level 11. HP: 43/67 MP: 18/18
 10517 | D:9      | Noticed a two-headed ogre
 10528 | D:9      | Killed a two-headed ogre
 10957 | D:9      | Found a hide-covered altar of Uskayaw.
 10961 | D:9      | Found a radiant altar of Vehumet.
 10963 | D:9      | Found a glowing golden altar of the Shining One.
 10971 | D:9      | Became a worshipper of Vehumet
 11145 | D:9      | Noticed a two-headed ogre
 11149 | D:9      | Killed a two-headed ogre
 11359 | D:9      | Learned a level 6 spell: Iron Shot
 11582 | D:9      | You fall into a shaft and drop 2 floors!
 11909 | D:10     | Entered Level 10 of the Dungeon
 12098 | D:9      | Noticed Pikel
 12106 | D:9      | Killed Pikel
 12107 | D:9      | Reached skill level 1 in Earth Magic
 12431 | D:10     | Noticed a two-headed ogre
 12450 | D:10     | Reached skill level 2 in Earth Magic
 12459 | D:10     | Killed a two-headed ogre
 12460 | D:10     | Reached skill level 3 in Earth Magic
 12687 | D:10     | Found a staircase to the Lair.
 12715 | D:10     | Reached * piety under Vehumet
 12715 | D:10     | Offered knowledge of Shock by Vehumet.
 12857 | D:10     | Noticed an orc knight
 12867 | D:10     | Killed an orc knight
 13053 | D:10     | Noticed a centaur warrior
 13069 | D:10     | Killed a centaur warrior
 13070 | D:10     | Reached skill level 4 in Earth Magic
 13070 | D:10     | Reached XP level 12. HP: 29/72 MP: 12/19
 13736 | D:11     | Reached skill level 5 in Earth Magic
 13823 | D:11     | Reached skill level 10 in Staves
 13945 | D:11     | Identified the +0 ring mail "Dywaso Lotio" {*Corrode Int+4}
 14240 | D:11     | Found a bloodstained altar of Trog.
 14289 | D:11     | Offered knowledge of Poisonous Vapours by Vehumet.
 14580 | Lair:1   | Entered Level 1 of the Lair of Beasts
 14588 | Lair:1   | Reached ** piety under Vehumet
 14792 | Lair:1   | Reached skill level 6 in Earth Magic
 15369 | Lair:1   | Reached skill level 7 in Earth Magic
 15808 | Lair:1   | Offered knowledge of Scorch by Vehumet.
 16102 | Lair:1   | Identified the ring "Mach" {rF+ Str+2}
 16162 | Lair:1   | Reached skill level 8 in Earth Magic
 16821 | Lair:2   | Found a gate leading to a gauntlet.
 16828 | Gauntlet | Entered a Gauntlet
 16828 | Gauntlet | Found a large runed translucent door.
 16828 | Gauntlet | Found a large runed translucent door.
 16828 | Gauntlet | Found a large runed translucent door.
 16828 | Gauntlet | Found a large runed translucent door.
 16828 | Gauntlet | Found a runed translucent door.
 16828 | Gauntlet | Found a large runed translucent door.
 16828 | Gauntlet | Found a large runed translucent door.
 16828 | Gauntlet | Found a transporter.
 16828 | Gauntlet | Found a transporter.
 16828 | Gauntlet | Found a large runed translucent door.
 16828 | Gauntlet | Found a large runed translucent door.
 16828 | Gauntlet | Found a runed translucent gate.
 16828 | Gauntlet | Found a runed translucent gate.
 16828 | Gauntlet | Found a transporter.
 16832 | Gauntlet | Found a transporter.
 16832 | Gauntlet | Found a transporter.
 16842 | Gauntlet | Found a transporter.
 16901 | Gauntlet | Found a runed translucent door.
 16902 | Gauntlet | Found a large runed translucent door.
 16902 | Gauntlet | Found a large runed translucent door.
 16902 | Gauntlet | Found a large runed translucent door.
 16902 | Gauntlet | Found a large runed translucent door.
 16903 | Gauntlet | Found a large runed translucent door.
 16903 | Gauntlet | Found a large runed translucent door.
 16904 | Gauntlet | Found a large runed translucent door.
 16904 | Gauntlet | Found a large runed translucent door.
 16908 | Gauntlet | Found a transporter.
 16918 | Gauntlet | Found a transporter.
 16933 | Gauntlet | Found a transporter.
 16945 | Gauntlet | Found a transporter.
 16958 | Gauntlet | Found a transporter.
 16964 | Gauntlet | Found a transporter.
 16987 | Gauntlet | Found a runed translucent gate.
 16999 | Gauntlet | an eye of devastation changed into a shock serpent
 16999 | Gauntlet | Noticed a shock serpent (shapeshifter)
 17009 | Gauntlet | a shock serpent changed into a manticore
 17068 | Gauntlet | Reached XP level 13. HP: 76/76 MP: 17/21
 17137 | Gauntlet | Reached *** piety under Vehumet
 17224 | Gauntlet | Identified the ring "Dopeff" {rPois EV+4 Str+5}
 17280 | Gauntlet | Identified the +5 plate armour of the Farmer {rF+}
 17280 | Gauntlet | Identified the ring "Fifiarippy" {rF++ rC++ Str-5 Slay+4}
 17280 | Gauntlet | Noticed a minotaur
 17298 | Gauntlet | Killed a minotaur
 17309 | Gauntlet | Identified the +0 pair of boots "Qaoprea" {rCorr Str+10
                  | Slay-2 Stlth-}
 17316 | Gauntlet | Identified the ring of Jocw {rC+ MP+9 Int+4}
 17320 | Gauntlet | Got the Guide on Changed Accompaniment
 17740 | Lair:2   | Reached skill level 9 in Earth Magic
 18347 | Lair:2   | Found a staircase to the Snake Pit.
 18487 | Lair:2   | Noticed Erica
 18493 | Lair:2   | Killed Erica
 19691 | Lair:3   | Acquired 742 gold pieces
 19971 | Lair:3   | Found a staircase to the Swamp.
 20757 | Lair:4   | Reached skill level 10 in Earth Magic
 20841 | Lair:4   | Offered knowledge of Airstrike by Vehumet.
 20855 | Lair:4   | Reached skill level 15 in Conjurations
 21171 | Lair:4   | Reached skill level 1 in Armour
 21490 | Lair:4   | Noticed Nessos
 21507 | Lair:4   | Killed Nessos
 21848 | Lair:4   | Reached **** piety under Vehumet
 21849 | Lair:4   | Reached skill level 11 in Earth Magic
 21885 | Lair:4   | Gained mutation: Your large and strong wings let you fly.
                  | [Gargoyle growth]
 21885 | Lair:4   | Reached XP level 14. HP: 50/82 MP: 7/26
 22330 | Lair:5   | Entered Level 5 of the Lair of Beasts
 22589 | Lair:5   | Offered knowledge of Lee's Rapid Deconstruction by Vehumet.
 22599 | Lair:4   | Reached skill level 5 in Armour
 22738 | Lair:4   | Learned a level 5 spell: Lee's Rapid Deconstruction
 22983 | Lair:4   | Reached skill level 12 in Earth Magic
 24003 | Lair:5   | Found a staircase to the Slime Pits.
 24181 | Lair:5   | Reached ***** piety under Vehumet
 24277 | Lair:5   | Offered knowledge of Lightning Bolt by Vehumet.
 24491 | Lair:5   | Reached skill level 13 in Earth Magic
 24526 | Lair:5   | Reached skill level 10 in Spellcasting
 24712 | Lair:5   | Found a corrupted altar of Lugonu.
 24712 | Lair:5   | Found a one-way gate to the infinite horrors of the Abyss.
 25581 | Lair:5   | Reached XP level 15. HP: 86/86 MP: 29/29
 26010 | D:12     | Found Loecapima's Blood Bar.
 26148 | D:12     | Found a staircase to the Orcish Mines.
 26908 | Orc:1    | Entered Level 1 of the Orcish Mines
 27075 | Orc:1    | Noticed an orc warlord
 27103 | D:12     | Killed an orc warlord
 27839 | Orc:2    | Entered Level 2 of the Orcish Mines
 27839 | Orc:2    | Found a staircase to the Elven Halls.
 28655 | Orc:2    | Reached skill level 14 in Earth Magic
 28662 | Orc:2    | Reached skill level 5 in Dodging
 28936 | Orc:2    | Reached skill level 1 in Shields
 29243 | Orc:2    | Found Xusoonuss's Assorted Antiques.
 29324 | Orc:2    | Found Quaroomm's Jewellery Emporium.
 29326 | Orc:2    | Found Dantolan's Weapon Emporium.
 29328 | Orc:2    | Bought 2 potions of curing for 150 gold pieces
 29328 | Orc:2    | Bought a scroll of blinking for 187 gold pieces
 29328 | Orc:2    | Bought a scroll of identify for 50 gold pieces
 29333 | Orc:2    | Found Cuuzxix's Book Boutique.
 29342 | Orc:2    | Bought a manual of Fighting for 1040 gold pieces
 29342 | Orc:2    | Bought a book of Air for 286 gold pieces
 29346 | Orc:2    | Learned a level 3 spell: Swiftness
 29770 | D:13     | Noticed Rupert
 29774 | D:13     | Killed Rupert
 29917 | D:13     | Noticed Lodul
 29923 | D:13     | Offered knowledge of Starburst by Vehumet.
 29926 | D:13     | Killed Lodul
 30452 | D:13     | Noticed Kirke
 30460 | D:13     | Killed Kirke
 31104 | D:14     | Found a frozen archway.
 31110 | IceCv    | Entered an ice cave
 31522 | IceCv    | Reached skill level 15 in Earth Magic
 31526 | IceCv    | Reached skill level 5 in Shields
 31721 | IceCv    | Reached skill level 10 in Fighting
 31723 | IceCv    | Reached skill level 1 in Evocations
 31723 | IceCv    | Reached XP level 16. HP: 90/97 MP: 9/30
 32221 | D:14     | Found a gate to the Vaults.
 32479 | D:14     | Identified the +12 long sword "Vothappu" {flame, SInv
                  | Stlth+}
 32857 | D:14     | Found a glowing golden altar of the Shining One.
 32978 | D:15     | Entered Level 15 of the Dungeon
 33236 | D:15     | Reached skill level 16 in Earth Magic
 33238 | D:15     | Offered knowledge of Eringya's Noxious Bog by Vehumet.
 33701 | D:15     | Found a staircase to the Depths.
 34256 | D:15     | Found a sacrificial altar of Ru.
 34330 | D:15     | Found Tonoguf's Weapon Emporium.
 34687 | Swamp:1  | Entered Level 1 of the Swamp
 34696 | Swamp:1  | Reached skill level 5 in Evocations
 34889 | Swamp:1  | Found a runed translucent door.
 34889 | Swamp:1  | Found a shimmering altar of Xom.
 34889 | Swamp:1  | Noticed erer12's ghost (journeyman MiFi)
 34900 | Swamp:1  | Killed erer12's ghost
 34907 | Swamp:1  | Learned a level 2 spell: Blink
 35029 | Swamp:1  | Identified the +2 ring mail "Kacveub" {Str+4}
 35184 | Swamp:1  | Identified the +8 whip "Nokhig" {pain, Fragile rElec rPois
                  | MP-9}
 35682 | Orc:2    | Bought a book of the Hunter for 338 gold pieces
 35687 | Orc:2    | Learned a level 4 spell: Leda's Liquefaction
 35974 | Swamp:2  | Noticed Nikola
 36002 | Swamp:2  | Killed Nikola
 36085 | Swamp:2  | Identified the +0 pair of gloves "Birch" {rPois Str+4}
 36878 | Swamp:3  | Reached skill level 17 in Earth Magic
 36885 | Swamp:3  | Reached XP level 17. HP: 56/112 MP: 14/31
 37301 | Swamp:3  | Reached skill level 15 in Fighting
 37805 | Swamp:3  | Noticed Donald
 37813 | Swamp:3  | Killed Donald
 37944 | Swamp:4  | Entered Level 4 of the Swamp
 38654 | Swamp:4  | Reached ****** piety under Vehumet
 38676 | Swamp:4  | Reached skill level 18 in Earth Magic
 38831 | Swamp:4  | Offered knowledge of Fireball by Vehumet.
 39542 | Swamp:4  | Identified the +8 hand axe of the Lesser Evil {vorpal,
                  | Will- rCorr Str+3 Int+9}
 39592 | Swamp:4  | Got a decaying rune of Zot
 40060 | Snake:1  | Entered Level 1 of the Snake Pit
 41209 | Snake:2  | Reached XP level 18. HP: 110/119 MP: 24/33
 41780 | Snake:2  | You are sucked into a shaft and drop 1 floor!
 41807 | Snake:3  | Reached skill level 10 in Armour
 41814 | Snake:3  | Reached skill level 19 in Earth Magic
 41818 | Snake:3  | Offered knowledge of Yara's Violent Unravelling by Vehumet.
 42091 | Snake:2  | Found Rilis's Antique Weapon Emporium.
 42100 | Snake:2  | Found Qaepsegh's Armour Shoppe.
 44113 | Snake:3  | Noticed Bai Suzhen
 44119 | Snake:3  | Killed Bai Suzhen
 45045 | Snake:4  | Entered Level 4 of the Snake Pit
 45167 | Snake:4  | Offered knowledge of Orb of Destruction by Vehumet.
 45465 | Snake:4  | Noticed Saint Roka
 45505 | Snake:4  | Reached skill level 20 in Earth Magic
 45512 | Snake:4  | Noticed a quicksilver dragon
 45525 | Snake:3  | Killed a quicksilver dragon
 45748 | Snake:3  | Killed Saint Roka
 45884 | Snake:4  | Reached XP level 19. HP: 110/124 MP: 36/36
 45923 | Snake:4  | Noticed Agnes
 46159 | Snake:4  | Killed Agnes
 46258 | Snake:4  | Found a radiant altar of Vehumet.
 46660 | Snake:4  | Got a serpentine rune of Zot
 47074 | Vaults:1 | Entered Level 1 of the Vaults
 47513 | Vaults:1 | Identified the +2 robe of Resonance {rC+}
 48107 | Vaults:1 | Offered knowledge of Conjure Ball Lightning by Vehumet.
 48543 | Vaults:1 | Paralysed by a great orb of eyes for 3 turns
 49638 | Vaults:2 | HP: 3/124 [ironbound frostheart/creeping frost (13)]
 50268 | Vaults:2 | Reached XP level 20. HP: 78/129 MP: 11/38
 51607 | Vaults:2 | Found a staircase to the Crypt.
 51903 | Vaults:2 | Offered knowledge of Shatter by Vehumet.
 51903 | Vaults:2 | Offered knowledge of Chain Lightning by Vehumet.
 51903 | Vaults:2 | Offered knowledge of Polar Vortex by Vehumet.
 51916 | Vaults:2 | Learned a level 9 spell: Shatter
 52191 | Vaults:3 | Reached skill level 10 in Shields
 52474 | Vaults:3 | Acquired 656 gold pieces
 52767 | Vaults:3 | Reached skill level 10 in Dodging
 52856 | Vaults:3 | Reached skill level 15 in Spellcasting
 53134 | Vaults:3 | Reached skill level 1 in Air Magic
 53534 | Vaults:3 | Identified the +3 pair of boots of the Doldrums {Str+3}
 54390 | Vaults:3 | Reached skill level 21 in Earth Magic
 54538 | Vaults:3 | Found a runed translucent gate.
 54539 | Vaults:3 | Found a runed translucent gate.
 54539 | Vaults:3 | Found a runed translucent gate.
 54540 | Vaults:3 | Noticed Getoffmy's ghost (veteran GrFi)
 54880 | Vaults:3 | Found an iron altar of Okawaru.
 54913 | Vaults:3 | Killed Getoffmy's ghost
 55131 | Vaults:3 | Identified the ring of Amelioration {rC+ rN+ Str+2 Dex+2}
 55133 | Vaults:3 | Identified the +6 demon trident of Jufejie {flame, rF-
                  | rN+++ rCorr Str-4}
 55172 | Vaults:3 | Reached XP level 21. HP: 134/134 MP: 40/40
 55400 | Vaults:4 | Paralysed by a sphinx for 2 turns
 55639 | Vaults:4 | Reached skill level 5 in Air Magic
 55686 | Vaults:4 | Mangled by a war gargoyle

Illustrated notes

Levels and vault maps discovered:
D:1:      dpeg_arrival_signposts, layout_loops_ring,
          shapermc_ecumenical_altar_flowoftime, minmay_misc_feat_columns
D:2:      layout_basic, minmay_quadrilaterals, uniq_natasha
D:3:      layout_rooms, uniq_grinder, uniq_jessica, uniq_crazy_yiuf_cottage
D:4:      wander_river, layout_loops_ring, lemuel_coloured_pillars_altar,
          portal_sewer_entry_b, serial_shops, nicolae_stop_n_shop_1,
          nicolae_wooded_promenade, chequers_serial_rivers_small_b
D:5:      layout_rooms, mainiacjoe_overflow_alcove_1, elyvilon_altar_5
D:6:      layout_rooms, minmay_temple_entry_grid
D:7:      layout_cave_pools, nicolae_figureground_sparkle
D:8:      cheibrodos_frozen_isle, layout_cave_pods, trog_book,
          minmay_large_rounded_square
D:9:      layout_loops_ring, grunt_temple_overflow_open, uniq_pikel
D:10:     cheibrodos_orc_bank, layout_loops_ring, lair_entry_dummy,
          minmay_microvault
D:11:     layout_gridville, trog_hazing_becter
D:12:     layout_roguey, orc_0_dummy, guppyfry_shop_blood
D:13:     cheibrodos_magma_flow, layout_basic, nicolae_two_hexagons, uniq_lodul,
          uniq_rupert, uniq_kirke
D:14:     layout_roguey, skrybe_vaults_entry_preservation,
          portal_ice_cave_entry_pillars_four, tso_metal_star
D:15:     hangedman_depths_entry_civil_slaughter, layout_layer_cave,
          nicolae_figureground_pulse, serial_shops, nicolae_square_shop,
          nicolae_ru_the_path_less_chosen
Temple:   hellmonk_temple_two_chambers
Lair:1:   statuecave_lemuel, layout_small_grid, st_stairs_4, lemuel_fruit_tree,
          infiniplex_staircase_pool
Lair:2:   layout_cave_pods, minmay_snake_entry_guardpost_small,
          gauntlet_entry_generic, grunt_megastairs_2, serial_bayou_shore_b,
          uniq_erica
Lair:3:   layout_cave_pods, swamp_mist_pool, serial_bayou_lagoon_a
Lair:4:   layout_cave_pods, serial_bayou_shore_a, uniq_nessos
Lair:5:   hellmonk_lair_end_abyssal_woods, layout_regular_city,
          minmay_slime_entry_oklob_open, minivault_24, serial_bayou_ford_a,
          st_stairs_5
Swamp:1:  layout_falls_marsh, ebering_ghost_xom, nicolae_swamp_some_circles
Swamp:2:  layout_basic_swamp, evilmike_swamp_ruin_house_1, uniq_nikola
Swamp:3:  layout_basic_swamp, evilmike_swamp_ruin_house_4, uniq_donald
Swamp:4:  swamp, layout_basic_swamp, worms_lemuel
Snake:1:  layout_rooms
Snake:2:  layout_misc_corridors, nicolae_snake_single_loop, grunt_megastairs_1,
          minmay_shoptagon
Snake:3:  layout_onion_interference, nicolae_snake_snakes_in_the_grass,
          uniq_bai_suzhen
Snake:4:  hellmonk_snake_rune_quicksilver_temple, layout_cave_shapes,
          basic_altar, uniq_saint_roka, uniq_agnes
Orc:1:    layout_diamond_mine
Orc:2:    st_orc_elflike, layout_caves, nicolae_orc_lava_room
Vaults:1: hangedman_vaults_nails, v_pattern_1, nicolae_vaults_fighting_squares,
          nicolae_vaults_specimen_jars, vaults_dpeg_cross,
          nicolae_vaults_little_squares_6, nicolae_vaults_big_angled_halls,
          nicolae_vaults_border_crossing, vaults_standard_mumra_lines,
          nicolae_vaults_mini_display_case, vaults_mumra_lcd, v_misc_18,
          layout_vaults_maze_snakey
Vaults:2: v_misc_22, grunt_vaults_twisty, vaults_room_grunt_arrival_ludios,
          v_rooms_3, ontoclasm_vaults_fault, nicolae_vaults_three_branches,
          vaults_room_hangedman_quadrants, blue_anna_dwarven_crypt,
          vaults_room_fours, ontoclasm_vaults_pinch, layout_vaults_quadrants
Vaults:3: gammafunk_ghost_fury_of_okawaru, nicolae_vaults_network_square,
          vaults_room_semicircle, nicolae_vaults_angled_halls,
          nicolae_vaults_ninety_degrees, ontoclasm_vaults_twist,
          ontoclasm_vaults_bender, vaults_dpeg_emergency_exit,
          grunt_vaults_funnel, vaults_mumra_chevron, v_misc_32,
          vaults_dpeg_ring, v_rooms_6, layout_vaults_omnicross
Vaults:4: nicolae_vaults_big_ls, vaults_room_corners, vaults_room_octagon,
          ontoclasm_vaults_misaligned, v_misc_17, grunt_vaults_bifocal,
          vaults_standard_mumra_enter_the_diamond, grunt_vaults_focal,
          nicolae_vaults_gold_heap, vaults_mumra_hexcomb,
          layout_vaults_big_room, serial_shops, shop

Skill      XL: |  1  2  3  4  5  6  7  8  9 10 11 12 13 14 15 16 17 18 19 20 21 |
---------------+----------------------------------------------------------------+-----
Conjurations   | 5 6 7 8 9 11 12 14 15 | 15.0
Fighting       | 1 3 4 6 7 10 14 15 | 15.0
Spellcasting   | 3 4 5 8 10 11 13 14 15 | 15.0
Staves         | 3 6 8 9 10 11 12 | 12.0
Hexes          | 3 |  3.3
Translocations | 1 5 6 |  6.5
Earth Magic    | 4 8 11 13 15 17 18 20 21 | 21.5
Armour         | 3 6 9 10 | 10.4
Dodging        | 3 5 7 9 10 | 10.0
Shields        | 5 9 10 | 10.0
Evocations     | 1 5 7 8 |  8.3
Air Magic      | 4 5 |  5.0
Stealth        | |  2.1

Action                   |  1- 3 |  4- 6 |  7- 9 | 10-12 | 13-15 | 16-18 | 19-21 || total
-------------------------+-------+-------+-------+-------+-------+-------+-------++-------
Melee: Unarmed           |    15 |       |       |       |       |       |       ||    15
       Staff             |    36 |     5 |    35 |    98 |   145 |   190 |   159 ||   668
       Punch             |       |       |       |     1 |     1 |       |       ||     2
 Cast: Magic Dart        |    71 |    54 |   254 |   421 |   607 |    95 |       ||  1502
       Searing Ray       |     1 |     5 |    10 |    15 |       |       |       ||    31
       Dazzling Flash    |     1 |     2 |     1 |       |       |       |       ||     4
       Fulminant Prism   |       |       |     4 |    21 |     7 |     5 |     5 ||    42
       Iskenderun's Myst |       |       |     7 |   127 |    94 |    50 |    31 ||   309
       Iron Shot         |       |       |       |       |   179 |   331 |   298 ||   808
       Lee's Rapid Decon |       |       |       |       |    58 |   123 |    68 ||   249
       Leda's Liquefacti |       |       |       |       |       |     5 |    12 ||    17
       Blink             |       |       |       |       |       |     5 |       ||     5
       Shatter           |       |       |       |       |       |       |     2 ||     2
       Swiftness         |       |       |       |       |       |       |     1 ||     1
Evoke: Wand              |       |       |     1 |       |     1 |       |     4 ||     6
  Use: Scroll            |     3 |     1 |     7 |     6 |     9 |    15 |     4 ||    45
       Potion            |       |       |     1 |       |     4 |    10 |     4 ||    19
 Stab: Confused          |       |       |       |       |       |     1 |       ||     1
       Sleeping          |       |       |       |       |       |     1 |       ||     1
Armor: Robe              |    27 |     4 |    49 |    28 |       |       |       ||   108
       Acid dragon scale |       |       |       |   129 |     1 |       |       ||   130
       Leather armour    |       |       |       |       |   336 |   257 |   115 ||   708
Dodge: Dodged            |    37 |    13 |    76 |   179 |   255 |   171 |   114 ||   845
Block: Buckler           |       |       |       |       |    30 |   141 |    94 ||   265
       Reflection        |       |       |       |       |       |       |     8 ||     8

Table legend: (Time is in decaauts)
 A = Elapsed time spent in this place.
 B = Non-inter-level travel time spent in this place.
 C = Inter-level travel time spent in this place.
 D = Time resting spent in this place.
 E = Time spent auto-exploring this place.
 F = Levels seen in this place.
 G = Mean time per level.
                   A        B        C        D        E       F      G
               +--------+--------+--------+--------+--------+-----+--------+
         Total |  55617 |  53041 |   2576 |  15827 |  30068 |  37 | 1503.2 |
       Dungeon |  20640 |  19577 |   1063 |   5266 |  11716 |  15 | 1376.0 |
        Temple |     81 |     81 |      0 |     50 |      7 |   1 |   81.0 |
          Lair |  11358 |  10702 |    656 |   2889 |   6375 |   5 | 2271.6 |
         Swamp |   4728 |   4560 |    168 |   1758 |   2144 |   4 | 1182.0 |
     Snake Pit |   6476 |   6328 |    148 |   2157 |   3425 |   4 | 1619.0 |
  Orcish Mines |   2694 |   2325 |    369 |    436 |   1466 |   2 | 1347.0 |
        Vaults |   8448 |   8279 |    169 |   2893 |   4436 |   4 | 2112.0 |
      Ice Cave |    693 |    693 |      0 |    250 |    275 |   1 |  693.0 |
      Gauntlet |    496 |    496 |      0 |    128 |    223 |   1 |  496.0 |
               +--------+--------+--------+--------+--------+-----+--------+

Top non-repeatable levels by time:
     D:8: 3017 daAuts
Vaults:3: 2958 daAuts
 Snake:3: 2668 daAuts
Vaults:1: 2629 daAuts
  Lair:4: 2627 daAuts
  Lair:5: 2508 daAuts
Vaults:2: 2436 daAuts
  Lair:2: 2262 daAuts
  Lair:1: 2135 daAuts
  Lair:3: 1824 daAuts
    D:10: 1701 daAuts
 Snake:2: 1689 daAuts
 Swamp:3: 1611 daAuts
     D:2: 1595 daAuts
     D:9: 1501 daAuts
